FCL
FCL DETROIT TIGERS @ FCL JACKSONVILLE BOMBERS
05/12/2042
 
TOP OF THE 1ST
FCL Detroit Tigers batting - Pitching for FCL Jacksonville Bombers : RHP Glen Lockhart
Pitching: RHP Glen Lockhart
Batting: LHB Buddy Burns 0-0: Ball
1-0: Foul Ball, location: 3DF
1-1: Swinging Strike
1-2: Strikes out swinging
Batting: RHB Eric Tidwell 0-0: Ball
1-0: Fly out, F7 (Flyball, 7, EV 88.1 MPH)
Batting: RHB José Peña 0-0: Called Strike
0-1: Ball
1-1: Ball
2-1: SINGLE (Line Drive, 9S, EV 94.4 MPH)
Batting: RHB Joe Murdoch 0-0: Called Strike
0-1: Foul Ball, location: 5FF
0-2: Strikes out swinging
Top of the 1st over - 0 runs, 1 hit, 0 errors, 1 left on base; FCL Detroit 0 - FCL Jacksonville 0
BOTTOM OF THE 1ST
FCL Jacksonville Bombers batting - Pitching for FCL Detroit Tigers : RHP Bobby Avery
Pitching: RHP Bobby Avery
Batting: RHB José Menéndez 0-0: Called Strike
0-1: Ball
1-1: Ball
2-1: Foul Ball, location: 2F
2-2: Ball
3-2: Base on Balls
Batting: RHB Darryl Johnson 0-0: Fielders Choice at 2nd, 6-4 (Groundball, 6, EV 108.8 MPH)
Batting: RHB Tim Kelly 0-0: Ball
1-0: Ball
2-0: Called Strike
2-1: Foul Ball, location: 9LDF
2-2: Foul Ball, location: 9LSF
2-2: Grounds into double play, U4-3 (Groundball, 6M, EV 95.6 MPH)
Bottom of the 1st over - 0 runs, 0 hits, 0 errors, 0 left on base; FCL Detroit 0 - FCL Jacksonville 0
TOP OF THE 2ND
FCL Detroit Tigers batting - Pitching for FCL Jacksonville Bombers : RHP Glen Lockhart
Batting: LHB José Pérez 0-0: Called Strike
0-1: Ball
1-1: SOLO HOME RUN (Line Drive, 78XD, EV 105.6 MPH), Distance : 416 ft
Batting: RHB Joe Dodson 0-0: Foul Ball, location: 3DF
0-1: Ball
1-1: Foul Ball, location: 9LDF
1-2: Fly out, F8 (Flyball, 8RM, EV 83.1 MPH)
Batting: RHB Mac Lange 0-0: Ground out 6-3 (Groundball, 6S, EV 86.3 MPH)
Batting: RHB Bob Cash 0-0: Ball
1-0: Ball
2-0: Called Strike
2-1: Ball
3-1: Base on Balls
Batting: RHB Jarred McClain 0-0: Called Strike
0-1: Ball
1-1: Ball
2-1: Foul Ball, location: 2F
2-2: SINGLE (Groundball, 13S, EV 63.1 MPH) (infield hit)
Bob Cash to second
Batting: LHB Buddy Burns 0-0: Swinging Strike
0-1: Ball
1-1: Swinging Strike
1-2: Ball
2-2: Strikes out swinging
Top of the 2nd over - 1 run, 2 hits, 0 errors, 2 left on base; FCL Detroit 1 - FCL Jacksonville 0
BOTTOM OF THE 2ND
FCL Jacksonville Bombers batting - Pitching for FCL Detroit Tigers : RHP Bobby Avery
Batting: LHB Kevin Harris 0-0: Called Strike
0-1: Ground out 4-3 (Groundball, 4, EV 93.1 MPH)
Batting: RHB Víctor Ríos 0-0: Fly out, F7 (Flyball, 7, EV 95.6 MPH)
Batting: LHB Ted Hall 0-0: Swinging Strike
0-1: Foul Ball, location: 5FF
0-2: Ball
1-2: Strikes out looking
Bottom of the 2nd over - 0 runs, 0 hits, 0 errors, 0 left on base; FCL Detroit 1 - FCL Jacksonville 0
TOP OF THE 3RD
FCL Detroit Tigers batting - Pitching for FCL Jacksonville Bombers : RHP Glen Lockhart
Batting: RHB Eric Tidwell 0-0: Ball
1-0: Ball
2-0: Ball
3-0: Called Strike
3-1: Base on Balls
Batting: RHB José Peña 0-0: Ball
1-0: Ball
2-0: Called Strike
2-1: Called Strike
2-2: Ball
3-2: 2-RUN HOME RUN (Flyball, 7D, EV 95.6 MPH), Distance : 368 ft
Batting: RHB Joe Murdoch 0-0: Foul Ball, location: 2F
0-1: Foul Ball, location: 5FF
0-2: Hit by Pitch
Batting: LHB José Pérez 0-0: Called Strike
0-1: Called Strike
0-2: Strikes out swinging
Batting: RHB Joe Dodson 0-0: Ball
1-0: Swinging Strike
1-1: Foul Ball, location: 9LMF
1-2: Strikes out swinging
Batting: RHB Mac Lange 0-0: Hit by Pitch
Joe Murdoch to second
Batting: RHB Bob Cash 0-0: Fly out, F7 (Flyball, 7, EV 89.4 MPH)
Top of the 3rd over - 2 runs, 1 hit, 0 errors, 2 left on base; FCL Detroit 3 - FCL Jacksonville 0
BOTTOM OF THE 3RD
FCL Jacksonville Bombers batting - Pitching for FCL Detroit Tigers : RHP Bobby Avery
Batting: RHB Mike Smith 0-0: Swinging Strike
0-1: Swinging Strike
0-2: Ball
1-2: Strikes out looking
Batting: LHB Juan Gonzáles 0-0: Called Strike
0-1: Ball
1-1: DOUBLE (Flyball, 8LXD, EV 98.1 MPH)
Batting: LHB Jim Unknown 0-0: Called Strike
0-1: Called Strike
0-2: Strikes out swinging
Batting: RHB José Menéndez 0-0: Ground out 5-3 (Groundball, 56, EV 83.8 MPH)
Bottom of the 3rd over - 0 runs, 1 hit, 0 errors, 1 left on base; FCL Detroit 3 - FCL Jacksonville 0
TOP OF THE 4TH
FCL Detroit Tigers batting - Pitching for FCL Jacksonville Bombers : RHP Glen Lockhart
Batting: RHB Jarred McClain 0-0: Ball
1-0: SINGLE (Groundball, 4MD, EV 95.0 MPH)
Batting: LHB Buddy Burns 0-0: Ball
1-0: Ball
2-0: Swinging Strike
2-1: Swinging Strike
2-2: Ball
Pickoff Throw to First - Out! 1-3
3-2: Base on Balls
Batting: RHB Eric Tidwell 0-0: Single, Error in OF, E8, batter to second base (Groundball, 4MD, EV 98.8 MPH)
Buddy Burns to third
Batting: RHB José Peña 0-0: Foul Ball, location: 23FF
0-1: Called Strike
0-2: Ball
1-2: Ball
2-2: SINGLE (Flyball, 8LS, EV 88.8 MPH)
Buddy Burns scores
Eric Tidwell to third
Batting: RHB Joe Murdoch 0-0: Ball
1-0: Ball
2-0: Ball
3-0: Called Strike
3-1: Called Strike
3-2: Strikes out looking
Pitching: RHP Víctor Bereda
Batting: LHB José Pérez 0-0: Ball
1-0: Ball
2-0: Called Strike
2-1: Foul Ball, location: 7LMF
2-2: Ball
3-2: SINGLE (Groundball, 6MD, EV 94.4 MPH)
Eric Tidwell scores
José Peña to second
José Peña to third
Batting: RHB Joe Dodson 0-0: Ball
1-0: Ball
2-0: Ball
3-0: Called Strike
3-1: Base on Balls
José Pérez to second
Batting: RHB Mac Lange 0-0: Fly out, F4 (Popup, 13, EV 81.3 MPH)
Top of the 4th over - 2 runs, 4 hits, 1 error, 3 left on base; FCL Detroit 5 - FCL Jacksonville 0
BOTTOM OF THE 4TH
FCL Jacksonville Bombers batting - Pitching for FCL Detroit Tigers : RHP Bobby Avery
Batting: RHB Darryl Johnson 0-0: Ball
1-0: Ball
2-0: Ground out 5-3 (Groundball, 56, EV 90.0 MPH)
Batting: RHB Tim Kelly 0-0: Ball
1-0: Reached on error, E1 (Groundball, 13S, EV 70.0 MPH)
Batting: LHB Kevin Harris 0-0: Called Strike
0-1: Fielders Choice at 2nd, 6-4 (Groundball, 6, EV 103.8 MPH)
Batting: RHB Víctor Ríos 0-0: Ball
1-0: Ball
2-0: Swinging Strike
2-1: Swinging Strike
2-2: Strikes out swinging
Bottom of the 4th over - 0 runs, 0 hits, 1 error, 1 left on base; FCL Detroit 5 - FCL Jacksonville 0
TOP OF THE 5TH
FCL Detroit Tigers batting - Pitching for FCL Jacksonville Bombers : RHP Víctor Bereda
Batting: RHB Bob Cash 0-0: SINGLE (Groundball, 4MD, EV 96.9 MPH)
Batting: RHB Jarred McClain 0-0: Ball
1-0: Called Strike
1-1: Swinging Strike
1-2: Strikes out looking
Batting: LHB Buddy Burns 0-0: Called Strike
0-1: Called Strike
0-2: Strikes out swinging
Batting: RHB Eric Tidwell 0-0: Ball
1-0: Ball
Bob Cash steals 2nd base
2-0: Ball
3-0: Base on Balls
Batting: RHB José Peña 0-0: Ball
1-0: Called Strike
1-1: Ground out 6-3 (Groundball, 6S, EV 84.4 MPH)
Top of the 5th over - 0 runs, 1 hit, 0 errors, 2 left on base; FCL Detroit 5 - FCL Jacksonville 0
BOTTOM OF THE 5TH
FCL Jacksonville Bombers batting - Pitching for FCL Detroit Tigers : RHP Bobby Avery
Batting: LHB Ted Hall 0-0: Ball
1-0: Ball
2-0: Fly out, F7 (Flyball, 7D, EV 96.3 MPH)
Batting: RHB Mike Smith 0-0: Ball
1-0: Reached on error, E5 (Groundball, 5S, EV 91.9 MPH)
Batting: LHB Juan Gonzáles 0-0: Ball
1-0: Ball
2-0: Foul Ball, location: 7LMF
2-1: Ball
3-1: Base on Balls
Mike Smith to second
Batting: LHB Jim Unknown 0-0: Ball
1-0: Ball
2-0: Foul Ball, location: 3F
2-1: Foul Ball, location: 2F
2-2: Strikes out swinging
Batting: RHB José Menéndez 0-0: Called Strike
0-1: Foul Ball, location: 2RF
0-2: Ball
1-2: Ball
2-2: Ball
3-2: Foul Ball, location: 23F
3-2: Foul Ball, location: 2F
3-2: Fly out, F3 (Popup, 23F, EV 78.1 MPH)
Bottom of the 5th over - 0 runs, 0 hits, 1 error, 2 left on base; FCL Detroit 5 - FCL Jacksonville 0
TOP OF THE 6TH
FCL Detroit Tigers batting - Pitching for FCL Jacksonville Bombers : RHP Víctor Bereda
Batting: RHB Joe Murdoch 0-0: Swinging Strike
0-1: Ball
1-1: Called Strike
1-2: Ball
2-2: Foul Ball, location: 2F
2-2: Ball
3-2: Base on Balls
Batting: LHB José Pérez 0-0: Ball
1-0: Ball
2-0: Ball
3-0: Base on Balls
Joe Murdoch to second
Pinch Hitting: RHB César Hernández 0-0: Ball
1-0: Fly out, F8 (Line Drive, 8LM, EV 91.9 MPH)
Batting: LHB António Álvarez 0-0: Ball
1-0: Ball
2-0: Ball
3-0: Called Strike
3-1: Base on Balls
Joe Murdoch to third
José Pérez to second
Batting: RHB Bob Cash 0-0: Fly out, F5 (Line Drive, 5L, EV 61.9 MPH)
Batting: RHB Jarred McClain 0-0: SINGLE (Line Drive, 78S, EV 90.6 MPH)
Joe Murdoch scores
José Pérez to third
António Álvarez to second
Runner from 3rd tries for Home, throw by LF and OUT! 7-2
Top of the 6th over - 1 run, 1 hit, 0 errors, 2 left on base; FCL Detroit 6 - FCL Jacksonville 0
BOTTOM OF THE 6TH
FCL Jacksonville Bombers batting - Pitching for FCL Detroit Tigers : RHP Bobby Avery
Now in CF: Doug Waller
Batting: RHB Darryl Johnson 0-0: Ball
1-0: Ball
2-0: Ball
3-0: Called Strike
3-1: Base on Balls
Batting: RHB Tim Kelly 0-0: Ball
1-0: Ball
2-0: Ball
3-0: Called Strike
3-1: Base on Balls
Darryl Johnson to second
Pitching: LHP Jerry Page
Batting: LHB Kevin Harris 0-0: Called Strike
0-1: Ball
1-1: Called Strike
1-2: Ball
2-2: Foul Ball, location: 2F
2-2: Foul Ball, location: 5SF
2-2: Fielders Choice at 2nd, 5-4 (Groundball, 56, EV 87.5 MPH)
Darryl Johnson to third
Pinch Hitting: RHB Jim Wooten 0-0: Ball
1-0: Foul Ball, location: 7LMFF
1-1: 3-RUN HOME RUN (Flyball, 78XD, EV 100.6 MPH), Distance : 397 ft
Batting: LHB Ted Hall 0-0: SINGLE (Groundball, 6MD, EV 103.8 MPH)
Batting: RHB Mike Smith 0-0: Grounds into double play, 6-4-3 (Groundball, 6, EV 98.8 MPH)
Bottom of the 6th over - 3 runs, 2 hits, 0 errors, 0 left on base; FCL Detroit 6 - FCL Jacksonville 3
TOP OF THE 7TH
FCL Detroit Tigers batting - Pitching for FCL Jacksonville Bombers : RHP Víctor Bereda
Now at 2B: Jim Wooten
Batting: LHB Buddy Burns 0-0: Ball
1-0: Called Strike
1-1: Swinging Strike
1-2: Ball
2-2: Foul Ball, location: 2F
2-2: Foul Ball, location: 2F
2-2: Strikes out swinging
Batting: RHB Eric Tidwell 0-0: Ball
1-0: Ball
2-0: Ball
3-0: Called Strike
3-1: Called Strike
3-2: Foul Ball, location: 5F, Error on foul ball, E5
3-2: Fly out, F7 (Flyball, 7D, EV 99.4 MPH)
Batting: RHB José Peña 0-0: Ground out U3 (Groundball, 34S, EV 93.1 MPH)
Top of the 7th over - 0 runs, 0 hits, 1 error, 0 left on base; FCL Detroit 6 - FCL Jacksonville 3
BOTTOM OF THE 7TH
FCL Jacksonville Bombers batting - Pitching for FCL Detroit Tigers : LHP Jerry Page
Batting: LHB Juan Gonzáles 0-0: Foul Ball, location: 2F
0-1: Foul Ball, location: 3FF
0-2: Strikes out swinging
Batting: LHB Jim Unknown 0-0: Swinging Strike
0-1: Called Strike
0-2: Foul Ball, location: 25FF
0-2: Strikes out swinging
Batting: RHB José Menéndez 0-0: Fly out, F9 (Flyball, 89M, EV 93.8 MPH)
Bottom of the 7th over - 0 runs, 0 hits, 0 errors, 0 left on base; FCL Detroit 6 - FCL Jacksonville 3
TOP OF THE 8TH
FCL Detroit Tigers batting - Pitching for FCL Jacksonville Bombers : RHP Víctor Bereda
Batting: RHB Joe Murdoch 0-0: Ball
1-0: Called Strike
1-1: Swinging Strike
1-2: Ball
2-2: SOLO HOME RUN (Flyball, 7LD, EV 90.6 MPH), Distance : 352 ft
Batting: LHB José Pérez 0-0: Ground out 6-3 (Groundball, 6MS, EV 81.3 MPH)
Batting: RHB Doug Waller 0-0: Ball
1-0: Ball
2-0: Foul Ball, location: 2F
2-1: Ball
3-1: Called Strike
3-2: Base on Balls
Pitching: RHP Joaquín Flores
Batting: LHB António Álvarez 0-0: DOUBLE (Groundball, 5L, EV 100.0 MPH)
Doug Waller to third
Runner from 3rd tries for Home, SAFE, no throw by LF
Batting: RHB Bob Cash 0-0: Called Strike
0-1: DOUBLE (Line Drive, 89M, EV 96.9 MPH)
António Álvarez scores
Batting: RHB Jarred McClain 0-0: Foul Ball, location: 3FF
0-1: Swinging Strike
0-2: Ball
1-2: Foul Ball, location: 2F
1-2: Ball
2-2: Ball
3-2: Strikes out swinging
Batting: LHB Buddy Burns 0-0: Foul Ball, location: 2F
0-1: Ball
1-1: Ball
2-1: Ball
3-1: Hit by Pitch
Batting: RHB Eric Tidwell 0-0: Ball
1-0: Ball
2-0: Swinging Strike
2-1: Ball
3-1: Foul Ball, location: 2F
3-2: Strikes out swinging
Top of the 8th over - 3 runs, 3 hits, 0 errors, 2 left on base; FCL Detroit 9 - FCL Jacksonville 3
BOTTOM OF THE 8TH
FCL Jacksonville Bombers batting - Pitching for FCL Detroit Tigers : LHP Jerry Page
Batting: RHB Darryl Johnson 0-0: Ball
1-0: Called Strike
1-1: Called Strike
1-2: Ball
2-2: Ball
3-2: Foul Ball, location: 3F
3-2: Foul Ball, location: 2F
3-2: Strikes out swinging
Batting: RHB Tim Kelly 0-0: Ball
1-0: Called Strike
1-1: Called Strike
1-2: Ball
2-2: Foul Ball, location: 9LDF
2-2: Foul Ball, location: 2F
2-2: TRIPLE (Line Drive, 89XD, EV 108.8 MPH)
Pitching: RHP Nate Price
Batting: LHB Kevin Harris 0-0: Ball
1-0: Foul Ball, location: 2F
1-1: Foul Ball, location: 7LSF
1-2: Ball
2-2: Strikes out swinging
Pinch Hitting: RHB Montay Mannini 0-0: Ball
Wild Pitch!
Tim Kelly scores
1-0: Foul Ball, location: 2F
1-1: SOLO HOME RUN (Flyball, 7D, EV 95.6 MPH), Distance : 376 ft
Batting: LHB Ted Hall 0-0: Called Strike
0-1: Called Strike
0-2: Ball
1-2: Fly out, F4 (Line Drive, 4D, EV 71.3 MPH)
Bottom of the 8th over - 2 runs, 2 hits, 0 errors, 0 left on base; FCL Detroit 9 - FCL Jacksonville 5
TOP OF THE 9TH
FCL Detroit Tigers batting - Pitching for FCL Jacksonville Bombers : RHP Joaquín Flores
Now at 2B: Kurt Watkins
Batting: RHB José Peña 0-0: Called Strike
0-1: Ball
1-1: Ball
2-1: Foul Ball, location: 2LF
2-2: Fly out, F7 (Flyball, 7LM, EV 95.6 MPH)
Batting: RHB Joe Murdoch 0-0: Called Strike
0-1: Fly out, F5 (Popup, 25F, EV 80.6 MPH)
Batting: LHB José Pérez 0-0: Ball
1-0: Foul Ball, location: 2F
1-1: Called Strike
1-2: Ball
2-2: Ball
3-2: Strikes out swinging
Top of the 9th over - 0 runs, 0 hits, 0 errors, 0 left on base; FCL Detroit 9 - FCL Jacksonville 5
BOTTOM OF THE 9TH
FCL Jacksonville Bombers batting - Pitching for FCL Detroit Tigers : RHP Nate Price
Pinch Hitting: LHB Dax Brown 0-0: Called Strike
0-1: Foul Ball, location: 2F
0-2: Ball
1-2: Strikes out swinging
Batting: LHB Juan Gonzáles 0-0: Ball
1-0: Ball
2-0: Ball
3-0: Called Strike
3-1: Called Strike
3-2: Strikes out swinging
Pinch Hitting: RHB Vince Tennant 0-0: Ground out 6-3 (Groundball, 56, EV 85.0 MPH)
Bottom of the 9th over - 0 runs, 0 hits, 0 errors, 0 left on base; FCL Detroit 9 - FCL Jacksonville 5
Friday, May 3rd , 2024 - OOTP Baseball 24.10 Build 82